 Dungeon Crawl Stone Soup version 0.32-a0-540-g866d13106e (webtiles) character file.

Game seed: 12405646275733129568

46 zenocrate the Ducker (level 3, 18/18 HPs)
             Began as a Felid Shapeshifter on Feb 29, 2024.
             Quit the game on level 2 of the Dungeon.
             The game lasted 00:01:10 (1183 turns).

zenocrate the Ducker (Felid Shapeshifter)           Turns: 1183, Time: 00:01:10

Health: 18/18      AC:  1    Str: 10    XL:     3   Next: 46%
Magic:  4/4        EV: 18    Int: 13    God:
Gold:   96         SH:  0    Dex: 17    Spells: 2/2 levels left
                                        Lives:  0   Deaths: 1

rFire   . .          .
                       - Unarmed
rCold   + . .        (shield unavailable)
rNeg    . . .        (body armour unavailable)
rPois   .            (helmet unavailable)
rElec   .            (cloak unavailable)
rCorr   .            (gloves unavailable)
SInv    +            (boots unavailable)
Will    .....        e - amulet of guardian spirit
Stlth   ++           d - ring of protection from cold
HPRegen 0.23/turn    (no ring)
MPRegen 0.09/turn

%: guardian spirit
@: beast-form
A: beast (slay +1), very small, claws 1, fangs 3, see invisible, shaggy fur 1,
stealthy paws, no weapons or thrown items, no armour, multi-lived
a: Begin Untransformation


You were on level 2 of the Dungeon.
You were a hulking beast.
You visited 1 branch of the dungeon, and saw 2 of its levels.

You collected 96 gold pieces.

Inventory:

Jewellery
 d - a ring of protection from cold (left paw)
 e - an amulet of guardian spirit (around neck)
Talismans
 b - a beast talisman (active)
 c - a flux talisman
Scrolls
 g - a scroll of teleportation
 h - a scroll of amnesia
 i - a scroll of enchant weapon {unknown}
Potions
 a - a potion of lignification
 f - a potion of enlightenment
 j - 2 potions of might {unknown}


   Skills:
 + Level 1.5 Fighting
 * Level 3.6 Dodging
 + Level 1.7 Stealth
 + Level 3.3 Unarmed Combat
 + Level 2.9 Shapeshifting


You had 2 spell levels left.
You didn't know any spells.
Your spell library was empty.

Dungeon Overview and Level Annotations

Branches:
Dungeon (2/15)

Altars:

Shops:
D:1 *

Annotations:
D:2 1 runed translucent door, Crazy Yiuf


Innate Abilities, Weirdness & Mutations

You are a hulking beast.
Your limbs bulge with bestial killing power. (Slay +1)
You have sharp claws.
You have razor-sharp teeth.
You have supernaturally acute eyesight. (SInv)
You are covered in fur. (AC +1)
Your paws help you pounce on unaware monsters.
You are incapable of wielding weapons or throwing items.
You cannot wear armour.
You gain extra lives every three experience levels.


Message History

The ribbon worm bites you.
* * * LOW HITPOINT WARNING * * *
Unknown command.
Unknown command.
The ball python's grasp on you weakens, but your attempt to escape fails.
The ball python barely misses you. The ball python constricts you.
* * * LOW HITPOINT WARNING * * *
The ball python barely misses you. The ball python constricts you.
* * * LOW HITPOINT WARNING * * *
Unknown command.
The ball python's grasp on you weakens, but your attempt to escape fails.
The ribbon worm completely misses you. The ball python bites you.
* * * LOW HITPOINT WARNING * * *
The ball python constricts you.
Unknown command.
You escape the ball python's grasp.
Unknown command.
Unknown command.
Unknown command.
The ribbon worm expels a string of sticky webbing.
The stream of webbing hits you but does no damage.
You are caught in a web!
There is an open door here.
Unknown command.
The ball python barely misses you. The ball python completely misses you.
Unknown command.
The ball python attacks as it pursues you!
The ball python misses you. The ball python completely misses you.
Unknown command.
You scratch the ball python.
You kill the ball python!
Unknown command.
Found 5 large rocks.
The ribbon worm attacks as it pursues you!
The ribbon worm bites you!
You die...
Your shape twists and changes as you die.
You rejoin the land of the living...
Okay, then.
Are you sure you want to abandon this character and quit the game? (Confirm with "yes".)

##### #.#.#
###########...#
#........##.#.#
#####
#.######.##.#.#
#*.)#
#.#.......#.#.#
#...#
##.##.###..#.#.#
...
#..........#.#.#
#+#
##.#.....h.#.#.#
##.#
#.......#.#.#.#
#.##
#.....#.###.#.#
#.#
#.###.#.....#.#
.## #.#
#.#######.# #.##
##.# #.# #.#
.P.## #..# #.#
#.# ..P.# #..#
#.# #.# ....#
#.####.# #.#


There were no monsters in sight!

Vanquished Creatures
  Natasha (D:2)
  A dart slug (D:1)
  4 ball pythons
  2 endoplasms (D:1)
  2 giant cockroaches
  3 hobgoblins
  A quokka (D:1)
  A bat (D:1)
  2 goblins
  2 kobolds (D:1)
  A rat (D:1)
20 creatures vanquished.

Notes
Turn   | Place    | Note
-------+----------+-------------------------------------------
     0 | D:1      | zenocrate the Felid Shapeshifter began the quest for the
                  | Orb.
     0 | D:1      | Reached XP level 1. HP: 10/10 MP: 2/2
   280 | D:1      | Reached XP level 2. HP: 14/14 MP: 3/3
   513 | D:1      | Found a faded altar of an unknown god.
   544 | D:1      | Reached skill level 1 in Stealth
   726 | D:1      | Found Kexkaeli's General Store.
   992 | D:2      | Noticed Natasha
   999 | D:2      | Killed Natasha
  1000 | D:2      | Reached XP level 3. HP: 2/18 MP: 0/4
  1095 | D:2      | Found a runed translucent door.
  1096 | D:2      | Noticed Crazy Yiuf
  1182 | D:2      | Slain by a ribbon worm
  1182 | D:2      | Lost a life (0 lives remaining)
  1183 | D:2      | Quit the game

Illustrated notes

Levels and vault maps discovered:
D:1:      wander_arrival_chamber, layout_basic, serial_shops,
          nicolae_shop_statue_plus, basic_ecumenical_altar,
          serial_co_window_serial, co_window_paths_a, co_window_paths_b,
          co_window_of_opportunity_a, co_window_of_opportunity_a,
          co_window_paths_b, co_window_broadway_b, co_window_broadway_b,
          co_window_broadway_a, co_window_paths_c, co_window_paths_e,
          glass_columns_b, glass_columns_a, glass_columns_a, glass_columns_a,
          glass_columns_b
D:2:      layout_basic, uniq_natasha, uniq_crazy_yiuf_cottage, uniq_jessica,
          uniq_terence

Skill      XL: |  1  2 |
---------------+-------+-----
Stealth        | 1 |  1.7
Dodging        | 3 |  3.6
Fighting       | |  1.5
Unarmed Combat | |  3.3
Shapeshifting  | |  2.9

Action                     || total
---------------------------++-------
  Melee: Unarmed           ||    51
         Bite              ||     7
         Punch             ||     2
    Use: Scroll            ||     3
   Stab: Sleeping          ||     1
 Armour: Skin              ||    23
  Dodge: Dodged            ||    51

Table legend: (Time is in decaauts)
 A = Elapsed time spent in this place.
 B = Non-inter-level travel time spent in this place.
 C = Inter-level travel time spent in this place.
 D = Time resting spent in this place.
 E = Time spent auto-exploring this place.
 F = Levels seen in this place.
 G = Mean time per level.
                   A        B        C        D        E       F      G
               +--------+--------+--------+--------+--------+-----+--------+
         Total |   1179 |   1162 |     17 |      0 |    991 |   2 |  589.5 |
       Dungeon |   1179 |   1162 |     17 |      0 |    991 |   2 |  589.5 |
               +--------+--------+--------+--------+--------+-----+--------+

Top non-repeatable levels by time:
     D:1: 899 daAuts
     D:2: 280 daAuts
